 Dungeon Crawl Stone Soup version 0.25-a0-41-g6cf4ce537d (webtiles) character file.

Game seed: 124855714594477029, levelgen mode: deterministic

9 Alarkh the Skirmisher (level 2, 24/24 HPs)
             Began as a Demonspawn Fighter on Oct 21, 2019.
             Got out of the dungeon alive.
             The game lasted 00:00:11 (495 turns).

Alarkh the Skirmisher (Demonspawn Fighter)           Turns: 495, Time: 00:00:12

Health: 24/24      AC:  6    Str: 16    XL:     2   Next: 3%
Magic:  2/2        EV:  6    Int:  9    God:
Gold:   0          SH:  8    Dex: 12    Spells: 1/1 levels left

rFire    . . .     SeeInvis .   a - +0 long sword
rCold    . . .     Gourm    .   c - +0 shield
rNeg     . . .     Faith    .   b - +0 scale mail
rPois    .         Spirit   .   (no helmet)
rElec    .         Reflect  .   (no cloak)
rCorr    .         Harm     .   (no gloves)
MR       .....                  (no boots)
Stlth    +.........             (no amulet)
HPRegen  0.08/turn              (no ring)
MPRegen  0.08/turn              (no ring)

@: no status effects
A: nightstalker 1
a: no special abilities


You escaped.
You were not hungry.

You visited 1 branch of the dungeon, and saw 1 of its levels.

Inventory:

Hand Weapons
 a - a +0 long sword (weapon)
Armour
 b - a +0 scale mail (worn)
 c - a +0 shield (worn)
Scrolls
 h - a scroll of remove curse {unknown}
Potions
 d - a potion of might
 e - a potion of cancellation {unknown}
Comestibles
 f - 2 rations


   Skills:
 - Level 3.0 Fighting
 + Level 2.5 Long Blades
 - Level 2.6 Armour
 - Level 2.6 Shields


You had one spell level left.
You didn't know any spells.
Your spell library was empty.

Dungeon Overview and Level Annotations

Branches:
Dungeon (1/15)

Altars:


Innate Abilities, Weirdness & Mutations

You are slightly more attuned to the shadows.


Message History

The bat hits you but does no damage. x2; The bat hits you.
A bat is nearby!
You miss the bat. You block the bat's attack.
The bat hits you but does no damage.
A bat is nearby!
You closely miss the bat. The bat hits you but does no damage.
A bat is nearby!
You slash the bat!
You kill the bat!
You have reached level 2!
Your demonic ancestry asserts itself...
You slip into the darkness of the dungeon.
You see here a cursed -1 club.
There is a stone staircase leading down here.
You see here a leather armour.
All of the chunks of flesh in your inventory have rotted away.
You see here a cursed +0 club.
There is a staircase leading out of the dungeon here.
Are you sure you want to leave the Dungeon?
This will make you lose the game!
You have escaped!

.# #.#.#####.# ##. .# #.#.#..
..# .. .# .#####.#.#.# #.# .#
..# ....##>#.#.###.##.##...
.##.##.....##........# ###
....##........##....#### ...
..............##..####.# #.#
###.####.....##....##..# #.#
###....)....###.@.###..# #.#
....####.....#....##...# #.# #.
########....##..)###..## #.# #^
.........)#....##...######.###.
#######...#...###............[.
#..##..###.(...###.......
#...'...##...### ####.##.
#...##..#....# #.##.
#.#######.#### #.##.


There were no monsters in sight!

Vanquished Creatures
  A bat (D:1)
  A goblin (D:1)
  4 hobgoblins (D:1)
  A kobold (D:1)
7 creatures vanquished.

Notes
Turn   | Place    | Note
-------+----------+-------------------------------------------
     0 | D:1      | Alarkh the Demonspawn Fighter began the quest for the Orb.
     0 | D:1      | Reached XP level 1. HP: 18/18 MP: 1/1
   364 | D:1      | Gained mutation: You are slightly more attuned to the
                  | shadows. [demonic ancestry]
   364 | D:1      | Reached XP level 2. HP: 19/24 MP: 2/2
   495 | D:$      | Got out of the dungeon alive.

Levels and vault maps discovered:
D:1:      dpeg_arrival_long_road, layout_loops_ring, chequers_arboretum,
          serial_bayou_pond_a

Skill      XL: |  1 |
---------------+----+-----
Long Blades    | 2 |  2.5
Fighting       | |  3.0
Armour         | |  2.6
Shields        | |  2.6

Action                   || total
-------------------------++-------
Melee: Long sword        ||    28
Armor: Scale mail        ||    17
Dodge: Dodged            ||     6
Block: Shield            ||    16

Table legend:
 A = Non-vault XP
 B = Vault XP
 C = Vault XP percentage of total XP
 D = Non-vault monster count
 E = Vault monster count
 F = Vault count percentage of total count
                 A         B        C        D         E       F
            +---------+---------+-------+---------+---------+-------
      Total |      13 |       0 |   0.0 |       7 |       0 |   0.0
            +---------+---------+-------+---------+---------+-------
        D:1 |      13 |       0 |   0.0 |       7 |       0 |   0.0
            +---------+---------+-------+---------+---------+-------
